 Dungeon Crawl Stone Soup version 0.26-a0-346-g33516b1 (webtiles) character file.

Game seed: 1795472375237670408

305 Firecrotchwizard the Chopper (level 6, -1/56 HPs)
             Began as a Hill Orc Monk on July 17, 2020.
             Was a Believer of Beogh.
             Slain by an ogre
             ... wielding a +0 giant club
              (18 damage)
             ... on level 4 of the Dungeon.
             The game lasted 00:06:33 (4588 turns).

Firecrotchwizard the Chopper (Hill Orc Monk)        Turns: 4588, Time: 00:06:34

Health: -1/56      AC: 10    Str: 16    XL:     6   Next: 39%
Magic:  2/7        EV:  7    Int: 10    God:    Beogh [**....]
Gold:   182        SH:  0    Dex: 13    Spells: 5/5 levels left

rFire    + . .     SeeInvis .   a - +0 hand axe
rCold    x . .     Faith    .   (no shield)
rNeg     . . .     Spirit   .   m - +0 chain mail
rPois    .         Reflect  .   d - +0 helmet
rElec    .         Harm     .   (no cloak)
rCorr    .                      (no gloves)
MR       .....                  (no boots)
Stlth    ..........             g - amulet of magic regeneration
HPRegen  0.18/turn              i - ring of fire {rF+, rC-}
MPRegen  0.35/turn              (no ring)

@: no status effects
A: no striking features
a: Smiting, Renounce Religion


You were on level 4 of the Dungeon.
You worshipped Beogh.
Beogh was pleased with you.
You visited 1 branch of the dungeon, and saw 4 of its levels.

You collected 182 gold pieces.

Inventory:

Hand Weapons
 a - a +0 hand axe (weapon)
 k - a +0 vorpal spear
   (You found it on level 1 of the Dungeon)
Armour
 b - a +0 robe
 d - a +0 helmet (worn)
   (You found it on level 1 of the Dungeon)
 f - a +0 leather armour
   (You found it on level 3 of the Dungeon)
 m - a +0 chain mail (worn)
   (You took it off Terence on level 2 of the Dungeon)
Jewellery
 g - an amulet of magic regeneration (around neck)
   (You found it on level 3 of the Dungeon)
 i - a ring of fire (left hand) {rF+, rC-}
   (You found it on level 2 of the Dungeon)
Wands
 l - a wand of digging (2)
   (You took it off Terence on level 2 of the Dungeon)
Scrolls
 c - 6 scrolls of teleportation
 j - 2 scrolls of immolation {!r}
Potions
 e - a potion of haste {unknown}
 h - a potion of cancellation {unknown}
 o - a potion of stabbing {unknown}
 p - a potion of lignification {unknown}


   Skills:
 + Level 5.5 Fighting
 + Level 6.0 Axes
 + Level 3.1 Armour
 - Level 2.6 Dodging
 - Level 1.9 Stealth
 + Level 1.6 Invocations


You had 5 spell levels left.
You didn't know any spells.
Your spell library was empty.

Dungeon Overview and Level Annotations

Branches:
Dungeon (4/15)
 Temple: D:4-7

Altars:
Fedhas
Makhleb


Message History

You kill the hobgoblin!
Beogh accepts your kill.
No target in view!
No target in view!
No target in view!
No target in view!
No target in view!
No target in view!
No target in view!
No target in view!
No target in view!
Things that are here:
a +0 club; a leopard gecko corpse; Health restored: 56
Found a blossoming altar of Fedhas.
There is a stone staircase leading up here.
There is an open door here.
Things that are here:
a +0 robe; a +0 dagger Partly explored, can't reach some places.
Partly explored, can't reach some places.
No target in view!
Really walk into a travel-excluded area? [Y]es or [N]o only, please.
Really walk into a travel-excluded area?
Done exploring.
Done exploring.
Search for what [Enter for "arm", or ? for help]? arm You start removing your armour.
You continue taking off your +0 leather armour. x4
You finish taking off your +0 leather armour.
You start putting on your armour.
You continue putting on your +0 chain mail. x5
You finish putting on your +0 chain mail.
(D) Dungeon
Where to? (Enter - D:2, ? - help)
There is a stone staircase leading down here.
You climb downwards.
There is a stone staircase leading up here.
(D) Dungeon
Where to? (Enter - D:3, ? - help)
Okay, then.
You open the door.
There is an open door here.
You open the door.
There is an open door here.
A giant cockroach comes into view.
The giant cockroach waves its antennae.
You barely miss the giant cockroach.
The giant cockroach bites you but does no damage.
You hit the giant cockroach. The giant cockroach closely misses you.
You slash the giant cockroach!
You kill the giant cockroach!
Beogh accepts your kill.
No target in view!
No target in view!
An orc comes into view. It is wielding a +0 whip.
The orc shouts!
An orc is nearby!
The orc hits you but does no damage.
You closely miss the orc. The orc hits you but does no damage.
You hit the orc. The orc hits you with a +0 whip.
You take 4 damage, and have 52/56 hp.
You slash the orc!
You kill the orc!
Beogh accepts your kill.
No target in view!
No target in view!
No target in view!
Things that are here:
a +0 whip; an orc corpse; Health restored: 56
There is an open door here.
Done exploring.
Done exploring.
(D) Dungeon
Where to? (Enter - D:3, ? - help)
There is a stone staircase leading down here.
You climb downwards.
An ogre comes into view. It is wielding a +0 giant club.
The ogre shouts!
Found 12 arrows and 7 gold pieces.
Found a stone staircase leading up and two stone staircases leading down.
There is a stone staircase leading up here.
You hit the ogre but do no damage.
The ogre hits you with a +0 giant club!!
You take 26 damage, and have 30/56 hp.
MASSIVE DAMAGE!!
Smite: an ogre, wielding a +0 giant club You smite the ogre!
The ogre barely misses you.
You now have 4/7 mp.
Smite: an ogre, wielding a +0 giant club (heavily wounded)
You smite the ogre!
The ogre hits you with a +0 giant club.
You take 5 damage, and have 25/56 hp.
You now have 1/7 mp.
You don't have enough magic at the moment.
You hit the ogre but do no damage. The ogre hits you with a +0 giant club!
* * * LOW HITPOINT WARNING * * *
You take 9 damage, and have 16/56 hp.
You hit the ogre.
Your chain mail prevents you from hitting the ogre.
The ogre hits you with a +0 giant club!!
You die...

#........>#
####.........#
..#.........#
...........#
#........>#
#.........#
#..#........<#
#.....<.....#
##......@...#
###.....O..#
#.....(.##
#......##
#.###### +$ +.


You could see an ogre.

Vanquished Creatures
  An ogre (D:3)
  A hound (D:3)
  Jessica (D:2)
  Terence (D:2)
  Robin (D:2)
  A gnoll (D:2)
  An adder (D:3)
  An ooze (D:3)
  6 dart slugs
  5 leopard geckos
  6 orcs (D:3)
  4 ball pythons
  3 giant cockroaches
  13 goblins
  12 hobgoblins
  2 jackals (D:2)
  7 kobolds
  2 quokkas (D:2)
  7 bats
  A frilled lizard (D:3)
  9 rats
85 creatures vanquished.

Notes
Turn   | Place    | Note
-------+----------+-------------------------------------------
     0 | D:1      | Firecrotchwizard the Hill Orc Monk began the quest for the
                  | Orb.
     0 | D:1      | Reached XP level 1. HP: 19/19 MP: 1/1
   233 | D:1      | Reached XP level 2. HP: 11/27 MP: 2/2
   774 | D:2      | Noticed Jessica
   791 | D:2      | Reached skill level 4 in Fighting
   807 | D:2      | Killed Jessica
   807 | D:2      | Reached skill level 1 in Armour
   807 | D:2      | Reached XP level 3. HP: 14/33 MP: 3/3
  1247 | D:3      | Reached XP level 4. HP: 41/41 MP: 4/4
  1666 | D:3      | Noticed an ogre
  1674 | D:3      | Killed an ogre
  1674 | D:3      | Reached skill level 5 in Fighting
  1674 | D:3      | Reached skill level 5 in Axes
  1674 | D:3      | Reached skill level 2 in Armour
  1674 | D:3      | Reached XP level 5. HP: 25/48 MP: 5/5
  1818 | D:3      | Found a burning altar of Makhleb.
  1963 | D:3      | Became a worshipper of Beogh the Brigand
  1963 | D:3      | Reached * piety under Beogh
  1963 | D:3      | Reached ** piety under Beogh
  2986 | D:2      | Noticed Terence
  3014 | D:2      | Killed Terence
  3014 | D:2      | Reached skill level 1 in Invocations
  3014 | D:2      | Reached XP level 6. HP: 17/56 MP: 6/6
  3320 | D:2      | Reached skill level 3 in Armour
  3403 | D:2      | Noticed Robin
  3411 | D:2      | Killed Robin
  4178 | D:2      | Reached skill level 6 in Axes
  4313 | D:2      | Found a blossoming altar of Fedhas.
  4588 | D:4      | Slain by an ogre

Illustrated notes

Levels and vault maps discovered:
D:1:      psy_arrival_dodecagon, layout_basic, serial_rivers,
          chequers_serial_rivers_micro_b, chequers_serial_rivers_micro_e,
          chequers_serial_rivers_large_a, chequers_serial_rivers_micro_c,
          chequers_serial_rivers_small_a, chequers_serial_rivers_micro_b,
          grunt_decor_arrowhead
D:2:      layout_loops_corners, lemuel_coloured_pillars_altar, st_stairs_4,
          cheibrodos_gnoll_hut, uniq_terence, uniq_robin, uniq_jessica
D:3:      layout_basic, makhleb_heckhound_becter
D:4:      layout_rooms, elyvilon_altar_5, kennysheep_generic_room_5

Skill      XL: |  1  2  3  4  5  6 |
---------------+-------------------+-----
Fighting       | 4 5 |  5.5
Armour         | 1 2 3 |  3.1
Axes           | 5 6 |  6.0
Invocations    | 1 |  1.6
Dodging        | |  2.6
Stealth        | |  1.9

Action                   |  1- 3 |  4- 6 || total
-------------------------+-------+-------++-------
Melee: Hand axe          |    74 |   219 ||   293
Invok: Convert to Beogh  |       |     1 ||     1
       Smiting           |       |     2 ||     2
  Use: Scroll            |       |     8 ||     8
 Stab: Sleeping          |       |     6 ||     6
Armor: Robe              |     9 |       ||     9
       Leather armour    |       |    32 ||    32
       Chain mail        |       |     2 ||     2
Dodge: Dodged            |    58 |   119 ||   177

Table legend:
 A = Non-vault XP
 B = Vault XP
 C = Vault XP percentage of total XP
 D = Non-vault monster count
 E = Vault monster count
 F = Vault count percentage of total count
                 A         B        C        D         E       F
            +---------+---------+-------+---------+---------+-------
      Total |     268 |     168 |  38.5 |      66 |      19 |  22.4
            +---------+---------+-------+---------+---------+-------
        D:1 |      48 |       0 |   0.0 |      23 |       0 |   0.0
        D:2 |      45 |     126 |  73.7 |      22 |      18 |  45.0
        D:3 |     175 |      42 |  19.4 |      21 |       1 |   4.5
            +---------+---------+-------+---------+---------+-------

Levels and vault maps discovered:
D:1:      psy_arrival_dodecagon, layout_basic, serial_rivers,
          chequers_serial_rivers_micro_b, chequers_serial_rivers_micro_e,
          chequers_serial_rivers_large_a, chequers_serial_rivers_micro_c,
          chequers_serial_rivers_small_a, chequers_serial_rivers_micro_b,
          grunt_decor_arrowhead
D:2:      layout_loops_corners, lemuel_coloured_pillars_altar, st_stairs_4,
          cheibrodos_gnoll_hut, uniq_terence, uniq_robin, uniq_jessica
D:3:      layout_basic, makhleb_heckhound_becter
D:4:      layout_rooms, elyvilon_altar_5, kennysheep_generic_room_5

Table legend:
 A = Turns spent in this place as a percentage of turns spent in the entire game.
 B = Non-inter-level travel turns spent in this place as a percentage of non-inter-level travel turns spent in the entire game.
 C = Inter-level travel turns spent in this place as a percentage of turns spent in this place.
 D = Turns resting spent in this place as a percentage of non-inter-level travel turns spent in this place.
 E = Turns spent auto-exploring this place as a percentage of non-inter-level travel turns spent in this place.
 F = Non-inter-level travel turns spent in this place divided by the number of levels of this place that you've seen.
                   A       B       C       D       E      F
               +-------+-------+-------+-------+-------+----------------------
         Total | 100.0 | 100.0 |   3.6 |  27.3 |  58.0 | 1105.2
       Dungeon | 100.0 | 100.0 |   3.6 |  27.3 |  58.0 | 1105.2
               +-------+-------+-------+-------+-------+----------------------

Table legend:
 A = Kills in this place as a percentage of kills in entire the game.
 B = Kills by you in this place as a percentage of kills by you in the entire game.
 C = Kills by friends in this place as a percentage of kills by friends in the entire game.
 D = Other kills in this place as a percentage of other kills in the entire game.
 E = Experience gained in this place as a percentage of experience gained in the entire game.
 F = Experience gained in this place divided by the number of levels of this place that you have seen.
                   A       B       C       D       E      F
               +-------+-------+-------+-------+-------+----------------------
         Total | 100.0 | 100.0 |   N/A |   N/A | 100.0 | 109.0
       Dungeon | 100.0 | 100.0 |   N/A |   N/A | 100.0 | 109.0
               +-------+-------+-------+-------+-------+----------------------
